 Dungeon Crawl Stone Soup version 0.30-a0-1116-gebefce21f7 (webtiles) character file.

Game seed: 787650458188599833

30 cforsyth the Ducker (level 2, -2/22 HPs)
             Began as a Demigod Wanderer on Apr 21, 2023.
             Slain by a cerulean imp
             ... wielding a +0 spear
             ... summoned by Natasha
              (3 damage)
             ... on level 1 of the Dungeon.
             The game lasted 00:02:48 (1317 turns).

cforsyth the Ducker (Demigod Wanderer)              Turns: 1317, Time: 00:02:48

Health: -2/22      AC:  5    Str: 10    XL:     2   Next: 84%
Magic:  6/6        EV: 11    Int: 17    God:
Gold:   94         SH:  4    Dex: 13    Spells: 2/3 levels left

rFire   . . .      SeeInvis .    a - +0 dagger
rCold   . . .      Faith    .    b - +0 buckler
rNeg    . . .      Spirit   .    d - +2 leather armour
rPois   .          Reflect  .    (no helmet)
rElec   .          Rampage  .    (no cloak)
rCorr   .                        (no gloves)
Will    .....                    (no boots)
Stlth   +                        (no amulet)
HPRegen 0.23/turn                (no ring)
MPRegen 0.10/turn                (no ring)

@: attractive
A: high MP 1, forlorn, divine attributes
a: no special abilities


You were on level 1 of the Dungeon.
You visited 1 branch of the dungeon, and saw 2 of its levels.

You collected 94 gold pieces.

Inventory:

Hand Weapons
 a - a +0 dagger (weapon)
Armour
 b - a +0 buckler (worn)
 d - a +2 leather armour (worn)
Scrolls
 e - 2 scrolls of teleportation {unknown}
 h - a scroll of amnesia {unknown}
 i - 2 scrolls of noise {unknown}
 j - a scroll of enchant armour {unknown}
 m - 2 scrolls of identify {unknown}
 n - a scroll of fear {unknown}
 p - 2 scrolls of enchant weapon {unknown}
Potions
 c - a potion of lignification
 f - a potion of curing {unknown}
 g - a potion of brilliance {unknown}
 k - a potion of flight {unknown}
 l - a potion of attraction
 o - a potion of heal wounds {unknown}


   Skills:
 + Level 0.5 Fighting
 - Level 2.0 Armour
 - Level 2.6 Dodging
 + Level 2.2 Shields
 + Level 1.4 Spellcasting
 + Level 2.2 Earth Magic


You had 2 spell levels left.
You knew the following spells:

 Your Spells              Type           Power      Damage    Failure   Level
a - Sandblast             Erth           16%        2d6       16%         1

Your spell library contained the following spells:

 Spells                   Type           Power      Damage    Failure   Level
 Apportation              Tloc           2%         N/A       36%         1
 Stone Arrow              Conj/Erth      8%         3d7       56%         3
 Animate Dead             Necr           1%         N/A       98%         4
 Alistair's Intoxication  Tmut/Pois      0%         N/A       100%        5
 Borgnjor's Vile Clutch   Necr/Erth      2%         N/A       100%        5
 Death Channel            Necr           0%         N/A       100%        6


Dungeon Overview and Level Annotations

Branches:
Dungeon (2/15)

Annotations:
D:1 Natasha


Innate Abilities, Weirdness & Mutations

You have an increased reservoir of magic. (+10% MP)
You shall have no god before yourself.
Your divine heritage dramatically boosts your attributes as you level up.


Message History

The magic dart hits you.
Natasha mewls in sadness.
There is a stone staircase leading up here.
Natasha casts a spell at you. The magic dart hits you.
You climb upwards.
There is a stone staircase leading down here.
You closely miss Natasha. Natasha claws you.
You hit Natasha but do no damage. Natasha claws you.
You are too injured to fight recklessly!
You hit Natasha but do no damage. You block Natasha's attack.
You hit Natasha but do no damage.
Natasha hisses.
Natasha barely misses you.
You completely miss Natasha.
Natasha stares at you and mumbles some strange words.
You resist with significant effort.
You barely miss Natasha. Natasha misses you. Natasha barely misses you.
You closely miss Natasha. Natasha closely misses you.
You barely miss Natasha.
Natasha casts a spell.
You miss Natasha. Natasha barely misses you.
The cerulean imp hits you but does no damage.
You hit Natasha but do no damage. Natasha barely misses you.
You block the cerulean imp's attack.
You barely miss Natasha.
Natasha stares at you and mumbles some strange words.
The magic dart hits you.
* * * LOW HITPOINT WARNING * * *
You block the cerulean imp's attack.
You hit Natasha.
Natasha is lightly wounded.
Natasha claws you.
* * * LOW HITPOINT WARNING * * *
The cerulean imp hits you but does no damage.
It was a potion of attraction.
You feel attractive to monsters. You block Natasha's attack.
The cerulean imp hits you with a +0 spear.
You die...

...........#.......## ##.#)#
##....>###.#..###..# #.#.#
#♣♣♣...♣♣♣.#..# #..## ##.#.######
♣♣.......♣♣#..###...###..........
♣.........♣♣......#....###.######
....♣.♣....♣###.#.###.## #.#####.
.....⌠.....♣##..##.##)# #.......
♣...♣.♣....♣#.#.###.#.# #######.
[.........♣♣....@###..# ##
<.#♣.....♣♣....5.h....# #
♣♣♣♣♣♣♣♣♣♣.......#.#### #
#..#..#.##.###...## #
#.###......# ##.## # #..#.##.####
#.# # #.#.###.# #.# # #.#.###.#
##.# # #.#.....# #..# ### #


You could see Natasha and a cerulean imp (summoned).

Vanquished Creatures
  A dart slug (D:1)
  2 bats
  2 endoplasms (D:2)
  A giant cockroach (D:1)
  4 hobgoblins
  2 jackals (D:2)
  3 ball pythons
  6 goblins
  A kobold (D:1)
  2 rats
24 creatures vanquished.

Notes
Turn   | Place    | Note
-------+----------+-------------------------------------------
     0 | D:1      | cforsyth the Demigod Wanderer began the quest for the Orb.
     0 | D:1      | cforsyth set off with the following items: a +0 dagger, a
                  | +0 buckler, a potion of lignification, a +2 leather armour;
                  | and the following spell memorised: Sandblast; and the
                  | following spells available to memorise: Stone Arrow.
     0 | D:1      | Reached XP level 1. HP: 14/14 MP: 4/4
   510 | D:1      | Reached XP level 2. HP: 18/20 MP: 4/6
  1284 | D:2      | Noticed Natasha
  1316 | D:1      | HP: 1/22 [Natasha (4)]
  1317 | D:1      | Slain by a cerulean imp

Illustrated notes

Levels and vault maps discovered:
D:1:      amcnicky_arrival_underground_garden, layout_loops_ring
D:2:      layout_loops_ring, serial_shops, shop, uniq_crazy_yiuf_cottage,
          uniq_natasha

Skill      XL: |  1 |
---------------+----+-----
Armour         | 2 |  2.0
Shields        | 2 |  2.2
Earth Magic    | 2 |  2.2
Fighting       | |  0.5
Dodging        | |  2.6
Spellcasting   | |  1.4

Action                     || total
---------------------------++-------
  Melee: Dagger            ||   110
   Cast: Sandblast         ||    11
    Use: Potion            ||     1
   Stab: Sleeping          ||     1
 Armour: Leather armour    ||    29
  Dodge: Dodged            ||    59
  Block: Buckler           ||    21

Table legend: (Time is in decaauts)
 A = Elapsed time spent in this place.
 B = Non-inter-level travel time spent in this place.
 C = Inter-level travel time spent in this place.
 D = Time resting spent in this place.
 E = Time spent auto-exploring this place.
 F = Levels seen in this place.
 G = Mean time per level.
                   A        B        C        D        E       F      G
               +--------+--------+--------+--------+--------+-----+--------+
         Total |   1327 |   1312 |     15 |      0 |   1065 |   2 |  663.5 |
       Dungeon |   1327 |   1312 |     15 |      0 |   1065 |   2 |  663.5 |
               +--------+--------+--------+--------+--------+-----+--------+

Top non-repeatable levels by time:
     D:1: 781 daAuts
     D:2: 545 daAuts
